[Event "Caplin Hastings Masters 2023-24"]
[Site "Hastings"]
[Date "2024.01.04"]
[Round "8.40"]
[White "Dewangan, Aayush"]
[Black "Ortiz Sanchez, Luis"]
[Result "1/2-1/2"]
[ECO "B33"]
[WhiteElo "1655"]
[BlackElo "1863"]
[Annotator "NA RC"]
[PlyCount "115"]
[EventDate "2023.12.18"]
[EventType "swiss"]
[EventCountry "ENG"]
[SourceTitle "playchess.com"]
[Source "ChessBase"]
[SourceQuality "1"]
[TimeControl "40/6000+30:3000+30"]

1. e4 c5 2. Nf3 Nc6 3. d4 cxd4 4. Nxd4 Nf6 5. Nc3 e5 6. Ndb5 h6 7. Nd6+ Bxd6 8. Qxd6 Qe7 9. Qxe7+ Kxe7 10. f3 Nb4 11. Bd3 Nxd3+ 12. cxd3 b6 13. Be3 d5 14. exd5 Bb7 15. d4 exd4 16. Bxd4 Nxd5 17. Nxd5+ Bxd5 18. O-O f6 19. Rfe1+ Kf7 20. a3 Rac8 21. Rac1 Be6 22. Bc3 Rhd8 23. Re3 b5 24. Rce1 Re8 25. Rd1 Red8 26. Red3 Rxd3 27. Rxd3 Ra8 28. Rd6 a5 29. Rb6 Bc4 30. Rb7+ Kg8 31. b3 Bxb3 32. Rxb5 a4 33. Bb4 Rc8 34. Rb7 Bc2 35. Kf2 Bb3 36. g4 Rd8 37. Ke3 Bc4 38. Ra7 Bb3 39. f4 Re8+ 40. Kf2 Bd1 41. h3 Bb3 42. f5 Rc8 43. Kg3 Kh7 44. Kh4 Kg8 45. Be7 Re8 46. Rc7 Kf7 47. Bc5+ Kg8 48. Kg3 Rd8 49. h4 Rd3+ 50. Kf4 Rc3 51. Bd6 Rxc7 52. Bxc7 Kf7 53. g5 fxg5+ 54. hxg5 hxg5+ 55. Kxg5 Bc2 56. Be5 Bb3 57. f6 gxf6+ 58. Bxf6 1/2-1/2

[Event "Caplin Hastings Masters 2023-24"]
[Site "Hastings"]
[Date "2024.01.04"]
[Round "8.41"]
[White "Patel, Zain"]
[Black "Rastogi, Nayan Keats"]
[Result "1/2-1/2"]
[ECO "D05"]
[WhiteElo "1841"]
[BlackElo "1662"]
[Annotator "NA RC"]
[PlyCount "145"]
[EventDate "2023.12.18"]
[EventType "swiss"]
[EventCountry "ENG"]
[SourceTitle "playchess.com"]
[Source "ChessBase"]
[SourceQuality "1"]
[TimeControl "40/6000+30:3000+30"]

1. Nf3 Nf6 2. d4 d5 3. e3 e6 4. Bd3 Be7 5. O-O O-O 6. b3 c5 7. Bb2 b6 8. Nbd2 Bb7 9. Qe2 Ne4 10. Rad1 Qc7 11. c4 Nd7 12. cxd5 exd5 13. Ne5 Rad8 14. Nxd7 Rxd7 15. dxc5 bxc5 16. Qg4 g6 17. Be5 f5 18. Bxc7 fxg4 19. Be5 Nxd2 20. Rxd2 Bd6 21. Bxd6 Rxd6 22. Rc1 Rc8 23. Rdc2 Ba6 24. Bxa6 Rxa6 25. Rxc5 Rxc5 26. Rxc5 Rxa2 27. g3 Rd2 28. Rc8+ Kg7 29. Rc7+ Kh6 30. Rxa7 d4 31. exd4 Rd3 32. b4 Rxd4 33. b5 Rd1+ 34. Kg2 Rb1 35. Rb7 Rb2 36. b6 Rb1 37. Rb8 Kg7 38. b7 h5 39. h3 gxh3+ 40. Kxh3 Rb4 41. Kg2 Rb3 42. Kf1 Rb2 43. Ke1 Kh7 44. Kd1 Kg7 45. Kc1 Rb6 46. Kc2 Kh7 47. Kc3 Rb1 48. f4 Kg7 49. Kd3 Rb6 50. Kd4 Rb1 51. f5 gxf5 52. Ke5 Rb6 53. Kxf5 Rb5+ 54. Kf4 Kh7 55. Kf3 Kg7 56. Kg2 Rb2+ 57. Kh3 Rb4 58. Kg2 Rb3 59. Kf2 Kh7 60. Ke2 Kg7 61. Kd2 Rb1 62. Ke3 Rb4 63. Kd3 Rb1 64. Ke3 Rb4 65. Kd3 Rb1 66. Ke4 Rb5 67. Kf4 Kh7 68. Rf8 Rxb7 69. Kg5 Rb5+ 70. Rf5 Rxf5+ 71. Kxf5 h4 72. gxh4 Kh8 73. Ke4 1/2-1/2

[Event "Caplin Hastings Masters 2023-24"]
[Site "Hastings"]
[Date "2024.01.04"]
[Round "8.42"]
[White "Metcalfe, Charlie P"]
[Black "Damodaran, Patrick"]
[Result "0-1"]
[ECO "E97"]
[WhiteElo "1760"]
[BlackElo "1798"]
[Annotator "NA RC"]
[PlyCount "58"]
[EventDate "2023.12.18"]
[EventType "swiss"]
[EventCountry "ENG"]
[SourceTitle "playchess.com"]
[Source "ChessBase"]
[SourceQuality "1"]
[TimeControl "40/6000+30:3000+30"]

1. d4 Nf6 2. c4 g6 3. Nc3 Bg7 4. e4 d6 5. Nf3 O-O 6. Be2 e5 7. O-O Nc6 8. d5 Ne7 9. b4 Nd7 10. a4 f5 11. a5 Nf6 12. c5 h6 13. cxd6 cxd6 14. Nd2 f4 15. Nc4 g5 16. f3 h5 17. Nb5 Ne8 18. Bd2 Rf6 19. Be1 Bd7 20. Nc3 Rg6 21. Kh1 g4 22. Rg1 g3 23. h3 Nc8 24. Na3 Qh4 25. Bf1 Nf6 26. Ncb5 Ng4 27. Nc7 Nf2+ 28. Bxf2 gxf2 29. Ne6 Qxh3+ 0-1

[Event "Caplin Hastings Masters 2023-24"]
[Site "Hastings"]
[Date "2024.01.04"]
[Round "8.43"]
[White "Wilson, Matthew R"]
[Black "Fryer, David W"]
[Result "0-1"]
[ECO "C41"]
[WhiteElo "1771"]
[BlackElo "1914"]
[Annotator "NA RC"]
[PlyCount "82"]
[EventDate "2023.12.18"]
[EventType "swiss"]
[EventCountry "ENG"]
[SourceTitle "playchess.com"]
[Source "ChessBase"]
[SourceQuality "1"]
[TimeControl "40/6000+30:3000+30"]

1. e4 d6 2. Nc3 e5 3. Nf3 Nf6 4. d4 Nbd7 5. Bc4 Be7 6. O-O c6 7. Ng5 O-O 8. f4 exd4 9. Nxf7 Rxf7 10. Bxf7+ Kxf7 11. Qxd4 d5 12. Kh1 dxe4 13. Nxe4 Nxe4 14. Qxe4 Nf6 15. Qf3 Qd5 16. f5 Qxf3 17. Rxf3 b6 18. Bg5 Bb7 19. Rd1 Re8 20. Kg1 Bc5+ 21. Kh1 Ba6 22. Bxf6 Kxf6 23. h3 Be2 24. Re1 Re7 25. Rf4 Bd6 26. Rf2 Bc4 27. Rxe7 Bxe7 28. b3 Bc5 29. Rf4 Bd5 30. c4 Bf7 31. Rf1 a5 32. a4 h5 33. g4 hxg4 34. hxg4 Kg5 35. Rd1 Kxg4 36. Rd7 Bh5 37. Rxg7+ Kxf5 38. Rd7 Kf4 39. Kg2 Ke3 40. Rh7 Bf3+ 41. Kf1 Kd4 0-1